 Dungeon Crawl Stone Soup version 0.31-a0-819-gf6de2f5ab6 (webtiles) character file.

Game seed: 14904666798336826927

200 Kurtz the Chopper (level 5, 0/36 HPs)
             Began as an Octopode Fighter on Sept 23, 2023.
             Was an Initiate of Kikubaaqudgha.
             Slain by Pargi (8 damage)
             ... in a sewer.
             The game lasted 00:02:44 (2465 turns).

Kurtz the Chopper (Octopode Fighter)                Turns: 2465, Time: 00:02:45

Health: 0/36       AC:  1    Str: 16    XL:     5   Next: 78%
Magic:  5/5        EV: 13    Int: 10    God:    Kikubaaqudgha [......]
Gold:   87         SH:  4    Dex: 13    Spells: 5/5 levels left

rFire   . . .        a - +0 war axe
rCold   . . .        b - +0 buckler
rNeg    . . .        (helmet restricted)
rPois   .            r - amulet of magic regeneration
rElec   .            (no ring)
rCorr   .            (no ring)
SInv    .            (no ring)
Will    .....        (no ring)
Stlth   +++          (no ring)
HPRegen 0.26/turn    (no ring)
MPRegen 0.49/turn    (no ring)
                     (no ring)

%: no passive effects
@: brilliant
A: almost no armour, amphibious, 8 rings, camouflage 1, gelatinous body 1,
(nimble swimmer 1), tentacles
a: Renounce Religion


You were in a sewer.
You worshipped Kikubaaqudgha.
Kikubaaqudgha was noncommittal.
You visited 1 branch of the dungeon, and saw 4 of its levels.
You also visited: Sewer.

You collected 87 gold pieces.

Inventory:

Hand Weapons
 a - a +0 war axe (weapon)
Missiles
 c - a dart of dispersal (quivered)
Armour
 b - a +0 buckler (worn)
Jewellery
 r - an amulet of magic regeneration (around mantle)
Scrolls
 d - a scroll of torment {unknown}
 f - a scroll of identify {unknown}
 g - a scroll of enchant armour {unknown}
 i - a scroll of amnesia
 n - a scroll of teleportation {unknown}
 o - a scroll of silence {unknown}
 q - a scroll of vulnerability {unknown}
Potions
 e - 2 potions of brilliance
 k - a potion of curing {unknown}
 l - 2 potions of magic {unknown}
 m - 2 potions of invisibility {unknown}
 p - 2 potions of haste


   Skills:
 - Level 3.0 Fighting
 * Level 4.8 Axes
 * Level 3.2 Dodging
 * Level 2.4 Stealth
 * Level 3.2 Shields
 * Level 0.6 Spellcasting
 * Level 1.0 Necromancy


You had 5 spell levels left.
You didn't know any spells.
Your spell library contained the following spells:

 Spells                   Type           Power      Damage    Failure   Level
 Lesser Beckoning         Tloc           0%         N/A       56%         2
 Gell's Gravitas          Tloc           0%         N/A       80%         3
 Teleport Other           Tloc           0%         N/A       80%         3


Dungeon Overview and Level Annotations

Branches:
Dungeon (4/15)              Sewer (1/1)
 Temple: D:4-7

Altars:
Cheibriados
Kikubaaqudgha

Shops:
D:1 =   D:4 :

Annotations:
Sewer Pargi


Innate Abilities, Weirdness & Mutations

You cannot wear most types of armour.
You are amphibious.
You can wear up to eight rings at the same time.
Your skin changes colour to match your surroundings (Stealth+).
Your rubbery body absorbs attacks. (AC +1, EV +1)
((You are camouflaged when in or above water. (Stealth+)))
You have tentacles for arms and can constrict up to eight enemies at once.


Message History

You hit Pargi.
Pargi is moderately wounded.
Pargi bites you. You block Pargi's attack. Pargi claws you but does no damage.
You completely miss Pargi.
Pargi is moderately wounded.
Pargi bites you but does no damage. Pargi claws you but does no damage.
You block Pargi's attack. Pargi bites you but does no damage.
You block Pargi's attack. Pargi claws you but does no damage.
You hit Pargi.
Pargi is moderately wounded.
Pargi bites you but does no damage. Pargi claws you but does no damage. x2
You closely miss Pargi.
Pargi is moderately wounded.
You block Pargi's attack. Pargi claws you but does no damage.
Pargi completely misses you.
You slash Pargi!
Pargi is heavily wounded.
Pargi barely misses you. Pargi claws you but does no damage. x2
You block Pargi's attack. Pargi claws you. Pargi claws you but does no damage.
You barely miss Pargi. Your punch misses Pargi.
Pargi is heavily wounded.
Pargi snarls, "Go!
Away!"
Pargi bites you but does no damage. Pargi claws you but does no damage. x2
You hit Pargi.
Pargi is heavily wounded.
You feel less wooden. Pargi bites you! Pargi claws you.
You block Pargi's attack.
You barely miss Pargi.
Pargi is heavily wounded.
Pargi barely misses you. You block Pargi's attack. Pargi claws you.
You hit Pargi.
Pargi is heavily wounded.
You block Pargi's attack. Pargi claws you. Pargi barely misses you.
Pargi bites you. Pargi claws you.
* * * LOW HITPOINT WARNING * * *
Pargi claws you.
* * * LOW HITPOINT WARNING * * *
Pargi bites you!
You die...
Kikubaaqudgha rasps: "You have failed me!
Welcome... death!"

### ##∩##
##.∩.##
##.....##
#...≈...#
#..≈≈≈..#
#.≈≈≈≈≈.#
#.@≈≈≈..#
#..T≈...#
##.....##
##...##
##.## #.#
#.# #.#
### #.#
....


You could see Pargi.

Vanquished Creatures
  An ogre (D:4)
  Terence (D:3)
  An ufetubus (D:4)
  3 worms
  3 orcs (D:3)
  4 endoplasms
  5 giant cockroaches
  9 goblins
  4 hobgoblins
  2 jackals (D:2)
  9 kobolds
  2 quokkas (D:3)
  7 ball pythons
  6 bats
  4 frilled lizards
  5 rats
66 creatures vanquished.

Notes
Turn   | Place    | Note
-------+----------+-------------------------------------------
     0 | D:1      | Kurtz the Octopode Fighter began the quest for the Orb.
     0 | D:1      | Reached XP level 1. HP: 16/16 MP: 1/1
    73 | D:1      | Found Lecs's Jewellery Boutique.
   120 | D:1      | Reached XP level 2. HP: 16/21 MP: 2/2
   187 | D:1      | Reached skill level 3 in Axes
   411 | D:1      | Found a faded altar of an unknown god.
   431 | D:1      | You fall into a shaft and drop 1 floor!
   625 | D:2      | Reached XP level 3. HP: 26/26 MP: 3/3
  1231 | D:3      | Found an ancient bone altar of Kikubaaqudgha.
  1231 | D:3      | Found a snail-covered altar of Cheibriados.
  1264 | D:3      | Became a worshipper of Kikubaaqudgha
  1356 | D:3      | Reached skill level 4 in Axes
  1680 | D:3      | Reached XP level 4. HP: 30/31 MP: 4/4
  1748 | D:3      | Noticed Terence
  1760 | D:3      | Killed Terence
  1761 | D:3      | Reached skill level 1 in Stealth
  2187 | D:4      | Noticed an ogre
  2198 | D:4      | Killed an ogre
  2199 | D:4      | Reached XP level 5. HP: 9/36 MP: 5/5
  2240 | D:4      | Found Dehaeges's Book Emporium.
  2279 | D:4      | Found a glowing drain.
  2298 | D:4      | Reached skill level 1 in Necromancy
  2302 | Sewer    | Entered a sewer
  2323 | Sewer    | Noticed Pargi
  2465 | Sewer    | Slain by Pargi

Illustrated notes

Levels and vault maps discovered:
D:1:      dpeg_arrival_pond, layout_rooms, serial_shops, nicolae_diamond_shop,
          dreamdust_ecumenical_altar_grove, minmay_misc_feat_square
D:2:      layout_basic
D:3:      layout_loops_cross, nicolae_overflow_two_pavilions, minmay_pentangle,
          uniq_terence
D:4:      layout_rooms, cheibrodos_sewer_entry_drain, serial_shops, shop,
          dk_vineyard_2
Sewer:    sewer_big_baddie

Skill      XL: |  1  2  3  4  5 |
---------------+----------------+-----
Axes           | 3 4 |  4.8
Stealth        | 2 |  2.4
Necromancy     | 1 |  1.0
Fighting       | |  3.0
Dodging        | |  3.2
Shields        | |  3.2
Spellcasting   | |  0.6

Action                     |  1- 3 |  4- 6 || total
---------------------------+-------+-------++-------
  Melee: War axe           |    79 |    60 ||   139
         Constrict         |    17 |     6 ||    23
         Tentacles         |     7 |     6 ||    13
  Throw: Dart              |       |     2 ||     2
    Use: Potion            |       |     5 ||     5
         Scroll            |       |     1 ||     1
   Stab: Sleeping          |    10 |     5 ||    15
         Distracted        |       |     1 ||     1
 Armour: Skin              |    32 |    94 ||   126
  Dodge: Dodged            |    42 |    35 ||    77
  Block: Buckler           |    13 |    12 ||    25

Table legend: (Time is in decaauts)
 A = Elapsed time spent in this place.
 B = Non-inter-level travel time spent in this place.
 C = Inter-level travel time spent in this place.
 D = Time resting spent in this place.
 E = Time spent auto-exploring this place.
 F = Levels seen in this place.
 G = Mean time per level.
                   A        B        C        D        E       F      G
               +--------+--------+--------+--------+--------+-----+--------+
         Total |   2512 |   2464 |     48 |    207 |   1644 |   5 |  502.4 |
       Dungeon |   2340 |   2292 |     48 |    207 |   1635 |   4 |  585.0 |
         Sewer |    171 |    171 |      0 |      0 |      9 |   1 |  171.0 |
               +--------+--------+--------+--------+--------+-----+--------+

Top non-repeatable levels by time:
     D:3: 994 daAuts
     D:2: 683 daAuts
     D:1: 442 daAuts
     D:4: 219 daAuts
   Sewer: 171 daAuts
